 Dungeon Crawl Stone Soup version 0.30.1-9-gdf580d7c3d (webtiles) character file.

Game seed: 12676294490966774413

273 tizbic2 the Chopper (level 6, -3/56 HPs)
             Began as a Hill Orc Monk on Sept 30, 2023.
             Killed by nerve-wracking pain
             ... invoked by an orc priest
              (14 damage)
             ... on level 4 of the Dungeon.
             The game lasted 00:09:20 (2325 turns).

tizbic2 the Chopper (Hill Orc Monk)                 Turns: 2325, Time: 00:09:20

Health: -3/56      AC: 10    Str: 16    XL:     6   Next: 24%
Magic:  8/8        EV: 12    Int: 10    God:
Gold:   209        SH:  0    Dex: 13    Spells: 5/5 levels left

rFire   . . .        a - +1 hand axe
rCold   + . .        d - orb {light}
rNeg    . . .        g - +0 chain mail
rPois   .            p - +0 helmet of Sophism {Fly Stlth+}
rElec   .            (no cloak)
rCorr   .            q - +0 pair of gloves
SInv    .            (no boots)
Will    .....        (no amulet) Stlth
                     m - ring of protection from cold
HPRegen 0.29/turn    b - +5 ring of evasion
MPRegen 0.11/turn

%: no passive effects
@: flying, glowing
A: no striking features
a: Convert to Beogh


You were on level 4 of the Dungeon.
You visited 1 branch of the dungeon, and saw 4 of its levels.

You collected 249 gold pieces.
You spent 40 gold pieces at shops.

Inventory:

Hand Weapons
 a - a +1 hand axe (weapon)
Armour
 d - an orb of light (worn)
 f - a +0 ring mail
 g - a +0 chain mail (worn)
 p - the +0 helmet of Sophism (worn) {Fly Stlth+}
   (You found it on level 3 of the Dungeon)

   Fly:       It grants you flight.
   Stlth:     It makes you more stealthy.
 q - a +0 pair of gloves (worn)
Magical Staves
 s - a staff of poison
Jewellery
 b - a +5 ring of evasion (right hand)
 m - a ring of protection from cold (left hand)
Wands
 t - a wand of paralysis (3)
Scrolls
 i - a scroll of silence
 l - 2 scrolls of enchant weapon
Potions
 c - a potion of ambrosia
 e - a potion of mutation
 h - a potion of magic {unknown}
 j - a potion of lignification
 k - a potion of flight {unknown}
 n - a potion of heal wounds {unknown}
 o - a potion of might {unknown}
 r - a potion of curing


   Skills:
 + Level 5.1 Fighting
 * Level 6.9 Axes
 - Level 2.4 Dodging
 + Level 3.7 Invocations


You had 5 spell levels left.
You didn't know any spells.
Your spell library contained the following spells:

 Spells                   Type           Power      Damage    Failure   Level
 Apportation              Tloc           0%         N/A       99%         1
 Necrotise                Necr           0%         1d4       99%         1
 Summon Small Mammal      Summ           0%         N/A       99%         1


Dungeon Overview and Level Annotations

Branches:
Dungeon (4/15)
 Temple: D:4-7

Altars:
Uskayaw

Shops:
D:3 ?


Message History

You bump into the rock wall.
The orc priest hits you with a +0 club.
You bump into the rock wall.
You feel less confused. The orc priest barely misses you.
You slash the orc priest!
The orc priest is severely wounded.
The orc priest shouts, "Join the one true god or die!"
The orc priest hits you with a +0 club.
You hit the orc priest but do no damage.
The orc priest shouts, "Surrender to Beogh and we'll let you live!"
The orc priest is severely wounded.
The orc priest begins to cast a cantrip, but forgets the words!
You hit the orc priest.
The orc priest is almost dead.
The orc priest calls down the wrath of Beogh upon you.
Beogh smites you!
* * * LOW HITPOINT WARNING * * *
The orc priest begins to cast a cantrip, but forgets the words!
You hit the orc priest but do no damage.
The orc priest is almost dead.
The orc priest casts a cantrip, but nothing happens.
The orc priest begins to cast a cantrip, but forgets the words!
The orc priest threatens, "By the altar or by the axe, you will meet Beogh!"
You hit the orc priest.
You kill the orc priest!
The orc priest shouts, "Surrender to Beogh and we'll let you live!"
The orc priest closely misses you.
Items here: ))) [[ †.
The orc priest hits you with a +1 falchion of protection!
* * * LOW HITPOINT WARNING * * *
You completely miss the orc priest.
The orc priest is lightly wounded.
The orc priest hits you with a +1 falchion of protection.
* * * LOW HITPOINT WARNING * * *
You feel better. The orc priest barely misses you.
You hit the orc priest but do no damage.
The orc priest is lightly wounded.
The orc priest calls down the wrath of Beogh upon you.
Pain shoots through your body!
You die...

###### #.##.#
### ##))## #.#
##o@.## #.#
#.....####.#
#....##..##.#
.......###....#
##....## ##...#
### #....
#...###.# #....
####..##.##
#....
..###....#
...........#


You could see an orc priest.

Vanquished Creatures
  An ogre (D:3)
  An orc priest (D:4)
  3 orc wizards
  3 adders
  2 worms (D:3)
  2 dart slugs
  4 orcs
  3 bats
  3 endoplasms
  2 giant cockroaches (D:1)
  5 goblins
  5 hobgoblins
  4 jackals (D:1)
  4 kobolds
  2 quokkas
  3 ball pythons
  2 frilled lizards
  5 rats
54 creatures vanquished.

Notes
Turn   | Place    | Note
-------+----------+-------------------------------------------
     0 | D:1      | tizbic2 the Hill Orc Monk began the quest for the Orb.
     0 | D:1      | Reached XP level 1. HP: 19/19 MP: 1/1
   157 | D:1      | Reached XP level 2. HP: 27/27 MP: 2/2
   228 | D:1      | Reached skill level 1 in Invocations
   294 | D:1      | Found a faded altar of an unknown god.
   496 | D:1      | Reached XP level 3. HP: 33/33 MP: 4/4
   928 | D:2      | Reached skill level 5 in Axes
  1524 | D:3      | Reached XP level 4. HP: 35/41 MP: 5/5
  1543 | D:3      | Identified the +0 helmet of Sophism {Fly Stlth+}
  1579 | D:3      | Noticed an ogre
  1768 | D:3      | Noticed a +0 falchion
  1768 | D:3      | Noticed a +0 short sword
  1769 | D:3      | Noticed a +0 spear
  1770 | D:3      | Noticed a +0 spear
  1770 | D:3      | Noticed a +0 dagger
  1770 | D:3      | Noticed a +0 short sword
  1771 | D:3      | Noticed a +0 dagger
  1772 | D:3      | Noticed a +0 falchion
  1780 | D:3      | Found a hide-covered altar of Uskayaw.
  1811 | D:3      | Found Exuomuss's Magic Scroll Boutique.
  1821 | D:3      | Bought a scroll of identify for 20 gold pieces
  1821 | D:3      | Bought a scroll of identify for 20 gold pieces
  1950 | D:3      | Killed an ogre
  1951 | D:3      | Reached skill level 6 in Axes
  1951 | D:3      | Reached XP level 5. HP: 35/47 MP: 7/7
  2313 | D:4      | Reached skill level 5 in Fighting
  2313 | D:4      | Reached XP level 6. HP: 29/56 MP: 8/8
  2325 | D:4      | Killed from afar by an orc priest

Illustrated notes

Levels and vault maps discovered:
D:1:      minmay_arrival_semitransparent, layout_loops_cross,
          shapermc_ecumenical_altar_gd
D:2:      layout_loops_ring
D:3:      layout_rooms, nicolae_uskayaw_en_pointe, serial_shops,
          nicolae_shop_rolling_square
D:4:      layout_layer_cave

Skill      XL: |  1  2  3  4  5 |
---------------+----------------+-----
Invocations    | 1 2 3 |  3.7
Fighting       | 4 5 |  5.1
Axes           | 5 6 |  6.9
Dodging        | |  2.4

Action                     |  1- 3 |  4- 6 || total
---------------------------+-------+-------++-------
  Melee: Hand axe          |    88 |    68 ||   156
    Use: Scroll            |     5 |     3 ||     8
         Potion            |       |     1 ||     1
 Armour: Chain mail        |    45 |    25 ||    70
         Ring mail         |     1 |       ||     1
  Dodge: Dodged            |    31 |    27 ||    58
